Map: Beckett Industries LE

Players

TeebuL

  • Race: Protoss Protoss

RiSky - Winner!

  • Race: Zerg Zerg

Event: DreamHack SC2 Masters 2021 Winter

VOD

Have the link to the VOD?

Description

Time

  • Played on: Sept. 29, 2021, 6:32 a.m.
  • Length: 10:26

All games in this series

Show
View Real Time Build Order
Export as new Build Order

TeebuL Protoss 

Build Orders: 1 Gate Expand, Colossus Rush 

Get SALT Encoding   

  12  0:00  Probe  
  13  0:12  Probe  
  14  0:19  Pylon  
  14  0:24  Probe  
  15  0:37  Probe (Chrono Boost)  
  15  0:40  Gateway  
  16  0:49  Probe (Chrono Boost)  
  17  0:50  Assimilator  
  17  0:54  Probe (Chrono Boost)  
  18  1:04  Probe  
  19  1:16  Probe  
  20  1:27  Nexus  
  20  1:39  Cybernetics Core  
  20  1:40  Probe  
  21  1:50  Assimilator  
  21  1:53  Probe  
  22  1:58  Pylon  
  22  2:05  Probe  
  23  2:13  Stalker (Chrono Boost)  
  23  2:16  Warp Gate  
  23  2:17  Probe  
  25  2:29  Probe  
  26  2:33  Adept (Chrono Boost)  
  26  2:35  Robotics Facility  
  28  2:41  Probe (Chrono Boost)  
  30  2:47  Probe (Chrono Boost)  
  30  2:50  Probe (Chrono Boost)  
  31  2:54  Probe (Chrono Boost)  
  31  2:55  Probe (Chrono Boost)  
  33  3:01  Gateway  
  33  3:05  Probe  
  34  3:07  Probe  
  35  3:17  Probe  
  35  3:19  Probe  
  37  3:22  Robotics Bay  
  37  3:23  Warp Prism (Chrono Boost)  
  39  3:29  Probe  
  39  3:32  Probe  
  41  3:34  Adept  
  41  3:39  Pylon  
  43  3:41  Probe  
  43  3:44  Probe  
  43  3:46  Pylon  
  45  3:54  Assimilator, Probe  
  46  3:57  Assimilator  
  46  3:59  Probe  
  47  4:06  Probe  
  47  4:08  Disruptor (Chrono Boost)  
  48  4:11  Probe  
  48  4:13  Gravitic Drive  
  48  4:15  Adept  
  54  4:17  Adept  
  54  4:18  Probe  
  54  4:23  Probe  
  58  4:27  Pylon  
  58  4:32  Pylon  
  58  4:33  Disruptor (Chrono Boost)  
  61  4:39  Pylon  
  61  4:48  Gateway  
  61  4:50  Gateway  
  61  4:55  Gateway  
  61  4:57  Gateway  
  61  5:06  Gateway  
  61  5:09  Colossus (Chrono Boost), Gateway  
  67  5:15  Sentry  
  67  5:16  Sentry  
  71  5:21  Pylon  
  71  5:24  Pylon  
  71  5:29  Pylon  
  71  5:44  Sentry x2  
  71  5:45  Stalker, Zealot  
  71  5:48  Pylon  
  79  5:51  Pylon  
  79  5:52  Observer (Chrono Boost)  
  79  5:55  Stalker  
  79  5:56  Zealot  
  84  5:58  Shield Battery  
  84  6:15  Adept x2, Stalker x2, Zealot  
  84  6:17  Zealot, Sentry  
  98  6:29  Pylon  
  98  6:57  Stalker x5, Zealot x3  
  114  7:03  Pylon  
  83  7:26  Disruptor (Chrono Boost)  
  59  7:32  Stalker x4  
  59  7:33  Stalker, Twilight Council  
  65  7:40  Stalker  
  65  7:41  Zealot x2  
  71  7:56  Observer  
  72  8:02  Nexus  
  72  8:04  Pylon  
  72  8:10  Dark Shrine  
  72  8:18  Stalker x2  
  72  8:19  Stalker x2  
  80  8:22  Zealot x3  
  83  8:57  Disruptor  
  86  9:06  Pylon  
  86  9:19  Nexus  
  84  9:28  Dark Templar  
  84  9:30  Dark Templar  
  88  9:35  Pylon  
  88  9:42  Dark Templar x3  
  88  9:44  Zealot x3  
  74  10:07  Zealot x5  
Show
View Real Time Build Order
Export as new Build Order

RiSky Zerg - Winner!

Build Orders: Hatch First 

Get SALT Encoding   

  12  0:00  Drone  
  13  0:12  Overlord  
  13  0:16  Drone  
  14  0:30  Drone x2  
  16  0:48  Hatchery  
  15  0:52  Drone  
  15  0:55  Drone  
  17  0:59  Drone  
  18  1:11  Extractor  
  18  1:16  Spawning Pool  
  18  1:17  Drone  
  17  1:21  Drone  
  18  1:27  Drone  
  19  1:38  Drone  
  20  1:49  Drone  
  21  1:59  Overlord  
  21  2:03  Zergling x2  
  21  2:04  Queen x2  
  26  2:10  Drone x2  
  26  2:15  Metabolic Boost  
  28  2:22  Drone  
  29  2:23  Drone  
  30  2:32  Drone x2  
  32  2:41  Hatchery  
  31  2:49  Queen  
  33  2:53  Overlord  
  33  2:56  Drone x2  
  33  2:58  Drone  
  36  3:12  Drone x2  
  38  3:13  Drone x3  
  38  3:16  Drone  
  38  3:19  Overlord  
  42  3:24  Queen  
  44  3:36  Overlord  
  44  3:37  Queen  
  44  3:38  Drone  
  44  3:39  Drone  
  48  3:41  Drone  
  48  3:42  Drone  
  48  3:45  Roach Warren  
  48  3:47  Drone x2  
  48  3:48  Drone  
  52  3:53  Queen  
  52  3:55  Overlord  
  54  3:58  Zergling x4  
  54  4:01  Zergling x4  
  58  4:04  Zergling x4  
  58  4:07  Zergling x2  
  61  4:12  Overlord  
  61  4:16  Zergling x4  
  63  4:22  Overlord  
  63  4:26  Drone, Overlord  
  63  4:31  Drone x2  
  66  4:34  Drone x2  
  66  4:36  Extractor x2  
  66  4:37  Drone  
  67  4:40  Drone  
  68  4:47  Drone x2  
  68  4:48  Drone x2  
  68  4:49  Drone x3  
  68  4:50  Overlord  
  75  4:53  Lair  
  75  4:55  Overlord  
  75  4:56  Extractor  
  75  4:57  Extractor  
  73  5:04  Roach x2  
  73  5:05  Roach  
  79  5:07  Overlord x2  
  79  5:09  Roach  
  79  5:14  Roach x3  
  89  5:21  Roach  
  89  5:23  Roach  
  89  5:25  Queen x2, Roach x3  
  100  5:29  Zergling x4  
  102  5:36  Drone, Overlord  
  102  5:38  Drone x2  
  102  5:39  Roach  
  107  5:44  Zergling x2  
  107  5:45  Zergling x2  
  107  5:49  Zergling x6  
  112  5:51  Glial Reconstitution  
  112  5:59  Zergling x6  
  112  6:01  Overlord  
  113  6:11  Overlord  
  113  6:13  Zergling x8  
  113  6:16  Ravager x2, Roach  
  117  6:19  Roach  
  117  6:20  Overseer  
  119  6:27  Roach x3  
  119  6:29  Ravager x3  
  119  6:30  Ravager x3  
  119  6:32  Roach x2  
  134  6:36  Roach x2  
  137  6:42  Roach  
  137  6:44  Hatchery  
  137  6:46  Roach x3  
  144  6:52  Roach  
  144  6:53  Zergling x2  
  144  6:54  Zergling x4  
  145  6:56  Ravager x2  
  145  6:58  Overlord x2  
  145  7:01  Overlord  
  143  7:15  Roach x4  
  144  7:18  Roach x3  
  139  7:24  Roach x4  
  139  7:28  Roach x2  
  141  7:34  Roach x3  
  145  7:39  Ravager  
  146  8:00  Drone x10  
  146  8:03  Baneling Nest  
  146  8:04  Evolution Chamber  
  146  8:05  Extractor  
  153  8:07  Drone  
  153  8:08  Zergling x2  
  155  8:17  Zergling x16  
  163  8:23  Drone  
  163  8:25  Drone, Overseer, Spore Crawler  
  164  8:27  Drone x6  
  164  8:31  Drone  
  171  8:35  Drone  
  171  8:39  Overlord  
  172  8:41  Overlord  
  172  8:48  Overlord x2  
  167  8:49  Drone  
  167  8:50  Overlord  
  167  8:51  Zergling x8  
  172  8:57  Zergling x10  
  172  9:01  Zergling x6  
  180  9:03  Baneling x2  
  180  9:06  Zergling x4  
  182  9:11  Zergling x4  
  182  9:15  Zergling x8  
  188  9:23  Zergling x12  
  191  9:29  Zergling x2  
  192  9:33  Zergling x4  
  192  9:35  Baneling x16  
  196  9:38  Ravager x2  
  196  9:39  Zergling x6  
  198  9:45  Overseer  
  198  9:46  Zergling x2  
  198  9:48  Overseer  

Tags
 
Add a new tag
Caveats
  • Supply blocks, unpowered buildings, or Contaminate may cause inaccurate times.
  • Supply counts are checked every 10 seconds.